 Dungeon Crawl Stone Soup version 0.17-a0-1920-gafa4d75 (webtiles) character file.

27 derrpe the Gusty (level 2, -1/17 HPs)
             Began as a High Elf Air Elementalist on Sept 27, 2015.
             Was an Initiate of Vehumet.
             Slain by an adder (3 damage)
             ... on level 2 of the Dungeon.
             The game lasted 00:02:42 (1824 turns).

derrpe the Gusty (High Elf Air Elementalist)        Turns: 1824, Time: 00:02:42

Health: -1/17      AC:  2    Str:  7    XL:     2   Next: 93%
Magic:  0/6        EV: 12    Int: 18    God:    Vehumet [......]
Gold:   153        SH:  0    Dex: 15    Spells: 3 memorised, 0 levels left

rFire  . . .     SeeInvis .     e - +0 dagger
rCold  . . .     Clarity  .     a - +0 robe
rNeg   . . .     SustAt   .     (no shield)
rPois  .         Gourm    .     (no helmet)
rElec  .         Spirit   .     (no cloak)
rCorr  .         Warding  .     (no gloves)
rMut   .         Stasis   .     (no boots)
MR     .....                    (no amulet)
Stlth  ++........               (no ring)
                                (no ring)

@: lethally poisoned (-1 -> -11), not resistant to hostile enchantments,
unstealthy
A: no striking features
a: Renounce Religion


You were on level 2 of the Dungeon.
You worshipped Vehumet.
Vehumet was noncommittal.
You were not hungry.

You visited 1 branch of the dungeon, and saw 2 of its levels.

You collected 153 gold pieces.

Inventory:

Hand weapons
 e - a +0 dagger (weapon)
Missiles
 j - 12 arrows
Armour
 a - a +0 robe (worn)
Scrolls
 h - a scroll of remove curse {unknown}
 i - 2 scrolls of amnesia {unknown}
 m - a scroll of noise {unknown}
Potions
 d - a potion of brilliance {unknown}
 f - a potion of agility {unknown}
 g - a potion of invisibility {unknown}
 k - a potion of flight {unknown}
 l - 2 potions of curing {unknown}
Books
 b - a book of Air

   Spells                             Type                      Level
   a - Shock                          Conjuration/Air              1
   b - Swiftness                      Charms/Air                   2
   c - Repel Missiles                 Charms/Air                   2
   d - Static Discharge               Conjuration/Air              3
   e - Lightning Bolt                 Conjuration/Air              5
Comestibles
 c - 3 bread rations {@e1}
 n - a chunk of flesh {@w0}


   Skills:
 - Level 2.1 Dodging
 - Level 2.1 Stealth
 + Level 2.4 Spellcasting
 + Level 2.5 Conjurations
 * Level 0.8 Charms
 - Level 4.0 Air Magic


You couldn't memorise any spells.
You knew the following spells:

 Your Spells              Type           Power        Failure   Level  Hunger
a - Shock                 Conj/Air       ##..         6%          1    #......
b - Repel Missiles        Chrm/Air       ##....       12%         2    ##.....
c - Swiftness             Chrm/Air       ##......     12%         2    ##.....


Dungeon Overview and Level Annotations

Branches:
Dungeon (2/15)

Altars:
Vehumet
Yredelemnul


Message History

* * * LOW HITPOINT WARNING * * *
Casting: Shock
Confirm with . or Enter, or press ? or * to list all spells.
Aiming: Shock
Press: ? - help, Shift-Dir - straight line, f/p - adder
Aim: an adder (heavily wounded)
The zap misses the adder.
The adder closely misses you. The adder bites you.
* * * LOW HITPOINT WARNING * * *
You are more poisoned.
The adder poisons you!
Casting: Shock
Confirm with . or Enter, or press ? or * to list all spells.
Aiming: Shock
Press: ? - help, Shift-Dir - straight line, f/p - adder
Aim: an adder (heavily wounded)
The zap hits the adder.
The adder is heavily wounded.
* * * LOW HITPOINT WARNING * * *
You feel sick. The adder bites you.
You die...

############## .
#.....#..)S@.# ..#
#.....#.####.#
....##.........##.#
...........#.#.##.#
...###.....#.#.##.#
# #######......#
###.#### #.# #.#


You could see an adder.

Vanquished Creatures
  A giant cockroach (D:1)
  2 gnoll zombies (D:2)
  A goblin (D:1)
  6 hobgoblins
  4 kobolds
  4 bats
  2 giant newts
  4 rats
24 creatures vanquished.

Notes
Turn   | Place    | Note
--------------------------------------------------------------
     0 | D:1      | derrpe the High Elf Air Elementalist began the quest for the Orb.
     0 | D:1      | Reached XP level 1. HP: 11/11 MP: 4/4
     3 | D:1      | Noticed an electric eel
     3 | D:1      | Noticed an electric eel
   438 | D:1      | Reached XP level 2. HP: 17/17 MP: 1/6
   628 | D:1      | Learned a level 2 spell: Repel Missiles
   631 | D:1      | Learned a level 2 spell: Swiftness
  1010 | D:1      | Reached skill level 4 in Air Magic
  1255 | D:2      | Found a radiant altar of Vehumet.
  1281 | D:2      | Became a worshipper of Vehumet
  1467 | D:2      | Found a basalt altar of Yredelemnul.
  1824 | D:2      | Slain by an adder

Vault maps used:
D:1:      arrival_aquarium_b, minivault_24
D:2:      cheibriados_altar_1, lemuel_zombie_altar_yredelemnul,
          fiery_altar_vehumet, first_bread, minmay_goblin_kobold_house

Action                   || total
-------------------------++-------
Melee: Dagger            ||    30
 Cast: Shock             ||    56
  Eat: Fruit             ||     2
       Chunk             ||     1
